 Dungeon Crawl Stone Soup version 0.27-a0-1177-g245c70e1c0 (webtiles) character file.

Game seed: 8463708673452237303

235 Glokmah the Chopper (level 5, -22/42 HPs)
             Began as a Demonspawn Monk on May 16, 2021.
             Was a Priest of Vehumet.
             Annihilated by an ogre
             ... wielding a +0 giant spiked club
              (31 damage)
             ... on level 4 of the Dungeon.
             The game lasted 00:06:23 (2961 turns).

Glokmah the Chopper (Demonspawn Monk)               Turns: 2961, Time: 00:06:25

Health: -22/42     AC:  5    Str: 12    XL:     5   Next: 76%
Magic:  3/6        EV: 13    Int: 11    God:    Vehumet [***...]
Gold:   228        SH:  5    Dex: 16    Spells: 3/6 levels left

rFire    . . .     SeeInvis .   e - +2 spear (venom)
rCold    . . .     Faith    .   (no shield)
rNeg     . . .     Spirit   .   b - +0 robe
rPois    .         Reflect  +   (no helmet)
rElec    .         Harm     .   o - +2 cloak
rCorr    .         Rampage  .   (no gloves)
Will     .....                  (no boots)
Stlth    ++........             d - amulet of reflection
HPRegen  0.14/turn              (no ring)
MPRegen  0.20/turn              (no ring)

@: no status effects
A: claws 1, powered by death 1, magic regeneration
a: Renounce Religion


You were on level 4 of the Dungeon.
You worshipped Vehumet.
Vehumet was most pleased with you.
You visited 1 branch of the dungeon, and saw 4 of its levels.

You collected 228 gold pieces.

Inventory:

Hand Weapons
 a - a +0 hand axe
 e - a +2 spear of venom (weapon)
 i - a +3 dagger
Missiles
 h - 8 javelins (quivered)
 m - 4 boomerangs
Armour
 b - a +0 robe (worn)
 o - a +2 cloak (worn)
 q - a +0 leather armour
Jewellery
 d - an amulet of reflection (around neck)
Wands
 s - a wand of acid (12)
Scrolls
 c - a scroll of fog {unknown}
 f - 2 scrolls of identify {unknown}
 g - a scroll of summoning {unknown}
 j - 2 scrolls of teleportation {unknown}
Potions
 k - 3 potions of lignification {unknown}
 l - a potion of ambrosia {unknown}
 n - 2 potions of curing {unknown}
 p - a potion of brilliance {unknown}
 r - a potion of cancellation {unknown}
 t - a potion of might {unknown}


   Skills:
 + Level 3.8 Fighting
 + Level 4.1(4.2) Axes
 + Level 0.7(2.6) Polearms
 + Level 2.0 Armour
 - Level 2.6 Dodging
 - Level 1.7 Stealth
 + Level 1.1 Spellcasting
 * Level 1.9 Conjurations


You had 3 spell levels left.
You knew the following spells:

 Your Spells              Type           Power      Damage    Failure   Level
a - Magic Dart            Conj           16%        1d3       4%          1
b - Poisonous Vapours     Pois/Air       0%         N/A       13%         2

Your spell library contained the following spells:

 Spells                   Type           Power      Damage    Failure   Level
 Stone Arrow              Conj/Erth      4%         3d7       17%         3


Dungeon Overview and Level Annotations

Branches:
Dungeon (4/15)
 Temple: D:4-7

Altars:
Vehumet

Shops:
D:3 (


Innate Abilities, Weirdness & Mutations

You have sharp fingernails.
You regenerate a little health from kills.
You regenerate magic rapidly.


Message History

The endoplasm is almost dead.
The endoplasm barely misses you.
You hit the endoplasm.
You kill the endoplasm!
Vehumet accepts your kill.
You closely miss the ogre. The ogre barely misses you.
You hit the ogre.
The ogre is lightly wounded.
The ogre hits you with a +0 giant spiked club!
You hit the ogre.
The ogre is poisoned.
The ogre is moderately wounded.
The ogre misses you.
Casting: Magic Dart (safe; 4% risk of failure)
Confirm with . or Enter, or press ? or * to list all spells.
Aiming: Magic Dart (safe; 4% risk of failure)
Press: ? - help, Shift-Dir - straight line, f - ogre
Aim: an ogre, wielding a +0 giant spiked club (heavily wounded, very poisoned, 100% to hit)
The magic dart hits the ogre.
The ogre is heavily wounded.
Casting: Magic Dart (safe; 4% risk of failure)
Confirm with . or Enter, or press ? or * to list all spells.
Aiming: Magic Dart (safe; 4% risk of failure)
Press: ? - help, Shift-Dir - straight line, f/p - ogre
Aim: an ogre, wielding a +0 giant spiked club (heavily wounded, very poisoned, 100% to hit)
The magic dart hits the ogre.
The ogre is severely wounded.
The ogre hits you with a +0 giant spiked club!!
Ouch! That really hurt!
* * * LOW HITPOINT WARNING * * *
Found a stone staircase leading up.
Casting: Magic Dart (safe; 4% risk of failure)
Confirm with . or Enter, or press ? or * to list all spells.
Aiming: Poisonous Vapours (safe; 13% risk of failure)
Press: ? - help, Dir - move target, f/p - ogre
Aim: an ogre, wielding a +0 giant spiked club (severely wounded, poisoned) Poisonous vapours surround the ogre!
The ogre is engulfed in poison gas.
The ogre looks even sicker.
The ogre hits you with a +0 giant spiked club!!
Ouch! That really hurt!
You die...

######################
.............'......#
.....>.......#......#
.............#......' ##
#..........#......# ...
#...##.....#......#
...##.@.##.....##.....#
........O##.....##.....#
................##.....#
.<..##..........########
### ##................ #
#...<...........l. #
#....##.....##...
#....##?....#
#.....#......#


You could see an ogre (very poisoned).

Vanquished Creatures
  A hound (D:3)
  A bullfrog skeleton (D:2)
  Jessica (D:3)
  An orc wizard (D:3)
  A howler monkey zombie (D:3)
  2 adders
  2 worms
  3 dart slugs
  5 orcs (D:3)
  7 endoplasms
  2 giant cockroaches (D:1)
  11 goblins
  6 hobgoblins
  8 jackals
  A quokka (D:3)
  4 ball pythons
  8 bats
  2 frilled lizards (D:2)
  5 kobolds
  6 rats
77 creatures vanquished.

Notes
Turn   | Place    | Note
-------+----------+-------------------------------------------
     0 | D:1      | Glokmah the Demonspawn Monk began the quest for the Orb.
     0 | D:1      | Reached XP level 1. HP: 18/18 MP: 1/1
   267 | D:1      | Reached skill level 3 in Axes
   267 | D:1      | Gained mutation: You regenerate a little health from kills.
                  | [demonic ancestry]
   267 | D:1      | Reached XP level 2. HP: 21/24 MP: 2/2
   568 | D:1      | Reached skill level 1 in Armour
   670 | D:1      | Gained mutation: You regenerate magic rapidly. [demonic
                  | ancestry]
   670 | D:1      | Reached XP level 3. HP: 29/29 MP: 3/3
  1203 | D:2      | Found a faded altar of an unknown god.
  1219 | D:2      | Became a worshipper of Vehumet
  1219 | D:2      | Reached * piety under Vehumet
  1219 | D:2      | Offered knowledge of Magic Dart by Vehumet.
  1219 | D:2      | Reached ** piety under Vehumet
  1222 | D:2      | Learned a level 1 spell: Magic Dart
  1271 | D:2      | Reached XP level 4. HP: 35/35 MP: 2/4
  1308 | D:2      | Offered knowledge of Sandblast by Vehumet.
  1596 | D:2      | Offered knowledge of Poisonous Vapours by Vehumet.
  1601 | D:2      | Learned a level 2 spell: Poisonous Vapours
  1615 | D:2      | Reached *** piety under Vehumet
  2004 | D:3      | Reached skill level 1 in Conjurations
  2134 | D:3      | Reached skill level 4 in Axes
  2161 | D:3      | Found Maiptu's Antique Weapon Shoppe.
  2239 | D:3      | Gained mutation: You have sharp fingernails. [demonic
                  | ancestry]
  2239 | D:3      | Reached XP level 5. HP: 33/42 MP: 5/5
  2399 | D:3      | Noticed Jessica
  2402 | D:3      | Killed Jessica
  2437 | D:3      | Offered knowledge of Stone Arrow by Vehumet.
  2591 | D:3      | Reached skill level 1 in Spellcasting
  2942 | D:4      | Noticed an ogre
  2961 | D:4      | Annihilated by an ogre

Illustrated notes

Levels and vault maps discovered:
D:1:      dpeg_arrival_chambers_temple_mockup, layout_loops_ring, minmay_vboxes
D:2:      minmay_evil_eye, layout_loops_ring, ebering_ecumenical_altar_box,
          minmay_pentomino_t2
D:3:      layout_basic, serial_shops, shop, uniq_jessica
D:4:      layout_gridville

Skill      XL: |  1  2  3  4  5 |
---------------+----------------+-----
Axes           | 3 4 |  4.1
Armour         | 1 2 |  2.0
Conjurations   | 1 |  1.9
Spellcasting   | 1 |  1.1
Fighting       | |  3.8
Polearms       | |  0.7
Dodging        | |  2.6
Stealth        | |  1.7

Action                   |  1- 3 |  4- 6 || total
-------------------------+-------+-------++-------
Melee: Hand axe          |    18 |       ||    18
       Spear             |    59 |   131 ||   190
 Cast: Magic Dart        |     1 |    17 ||    18
       Poisonous Vapours |       |     1 ||     1
 Stab: Sleeping          |     4 |     2 ||     6
Armor: Robe              |     8 |    13 ||    21
Dodge: Dodged            |    33 |    63 ||    96
Block: Other             |    11 |    20 ||    31

Table legend: (Time is in decaauts)
 A = Elapsed time spent in this place.
 B = Non-inter-level travel time spent in this place.
 C = Inter-level travel time spent in this place.
 D = Time resting spent in this place.
 E = Time spent auto-exploring this place.
 F = Levels seen in this place.
 G = Mean time per level.
                   A        B        C        D        E       F      G
               +--------+--------+--------+--------+--------+-----+--------+
         Total |   2964 |   2704 |    260 |     62 |   2009 |   4 |  741.0 |
       Dungeon |   2964 |   2704 |    260 |     62 |   2009 |   4 |  741.0 |
               +--------+--------+--------+--------+--------+-----+--------+

Top non-repeatable levels by time:
     D:1: 1003 daAuts
     D:2: 986 daAuts
     D:3: 820 daAuts
     D:4: 154 daAuts
